 Dungeon Crawl Stone Soup version 0.18.1-6-gd335043 (webtiles) character file.

10389 protoss039 the Blocker (level 11, -9/72 HPs)
             Began as a Gargoyle Fighter on May 20, 2016.
             Was a High Priest of Okawaru.
             Mangled by a spatial maelstrom (15 damage)
             ... on level 3 of the Abyss.
             The game lasted 01:05:26 (10456 turns).

protoss039 the Blocker (Gargoyle Fighter)          Turns: 10456, Time: 01:05:27

Health: -9/72      AC: 30    Str: 20    XL:     11   Next: 61%
Magic:  22/22      EV:  6    Int: 14    God:    Okawaru [*****.]
Gold:   619        SH: 17    Dex:  6    Spells: 0 memorised, 10 levels left

rFire  . . .     SeeInvis .     j - +2 flail (venom)
rCold  . . .     Gourm    .     l - +0 plate armour
rNeg   + . .     Faith    .     c - +0 shield
rPois  ∞         Spirit   .     a - +3 hat of Pondering {ponderous, MR+ MP+10 Int+5}
rElec  +         Dismiss  .     m - +0 cloak
rCorr  .         Reflect  +     (no gloves)
SustAt .         Harm     .     u - +0 pair of boots
MR     +....                    e - +5 amulet of reflection
Stlth  ..........               K - +3 ring of protection
                                J - +2 ring of strength

@: about to teleport, slow, somewhat resistant to hostile enchantments,
extremely unstealthy
A: clumsy 2, negative energy resistance 1, electricity resistance, weak 2,
unbreathing, petrification resistance, rot immunity, AC +7
a: Heroism, Finesse, Renounce Religion


You were on level 3 of the Abyss.
You worshipped Okawaru.
Okawaru was extremely pleased with you.
You were hungry.

You visited 2 branches of the dungeon, and saw 11 of its levels.
You visited the Abyss 1 time.

You collected 619 gold pieces.

Inventory:

Hand Weapons
 j - a +2 flail of venom (weapon)
Missiles
 H - 7 poisoned javelins
 I - 20 javelins of returning (quivered)
Armour
 a - the +3 hat of Pondering (worn) {ponderous, MR+ MP+10 Int+5}
   (You acquired it on level 7 of the Dungeon)

   It affects your intelligence (+5).
   It affects your resistance to hostile enchantments.
   It affects your magic capacity (+10).
 c - a +0 shield (worn)
 l - a +0 plate armour (worn)
 m - a +0 cloak (worn)
 u - a +0 pair of boots (worn)
Jewellery
 e - a +5 amulet of reflection (around neck)
 h - an uncursed ring of sustain attributes
 s - an uncursed ring of protection from cold
 z - an uncursed ring of protection from fire
 J - a +2 ring of strength (left hand)
 K - a +3 ring of protection (right hand)
Wands
 x - a wand of lightning (3/15)
 A - a wand of polymorph (5/24)
 D - a wand of slowing (26/48)
 F - a wand of acid (0/15)
 G - a wand of digging (14/24)
 L - a wand of hasting (3/9)
Scrolls
 p - 5 scrolls of enchant weapon
 t - 2 scrolls of remove curse
 w - 2 scrolls of identify
 y - 2 scrolls of vulnerability
 C - a scroll of blinking
 M - a scroll of amnesia
 O - 3 scrolls of magic mapping {unknown}
Potions
 d - a potion of might
 i - 2 potions of cure mutation
 k - 2 potions of flight
 q - a potion of brilliance
Books
 v - a book of Necromancy

   Spells                             Type                      Level
   a - Pain                           Necromancy                   1
   b - Animate Skeleton               Necromancy                   1
   c - Vampiric Draining              Necromancy                   3
   d - Regeneration                   Charms/Necromancy            3
   e - Animate Dead                   Necromancy                   4
   f - Control Undead                 Necromancy                   4
Comestibles
 f - 4 bread rations
 g - 5 meat rations
 n - 19 fruits
 r - 2 slices of pizza


   Skills:
 * Level 9.9 Fighting
 + Level 9.0 Maces & Flails
 + Level 9.4 Armour
 - Level 1.2 Dodging
 + Level 11.5 Shields
 + Level 1.8 Evocations


You had 10 spell levels left.
You didn't know any spells.

Dungeon Overview and Level Annotations

Branches:
Dungeon (10/15)            Temple (1/1) D:5            Lair (0/8) D:10
    Orc: D:9-12

Altars:
Ashenzari
Cheibriados
Dithmenos
Elyvilon
Fedhas
Gozag
Kikubaaqudgha
Makhleb
Nemelex Xobeh
Okawaru
Pakellas
Qazlal
Ru
Sif Muna
Trog
Vehumet
Xom
Yredelemnul
Zin
The Shining One

Shops:
D:8 =

Annotations:
D:10 Sonja


Innate Abilities, Weirdness & Mutations

You are resistant to torment.
Your stone body is resilient (AC +7).
You are immune to poison.
You resist negative energy.
You are resistant to electric shocks.
You can survive without breathing.
You are immune to petrification.
You are immune to rotting.
[You are very clumsy. (Dex -4)]
[You are very weak. (Str -4)]


Message History

You hit the spatial vortex.
The spatial vortex is lightly damaged.
The spatial maelstrom hits you!
* * * LOW HITPOINT WARNING * * *
You feel strangely unstable.
You feel the power of the Abyss delaying your translocation!
The spatial maelstrom hits you but does no damage.
The spatial vortex hits you but does no damage.
The spatial maelstrom hits you but does no damage. x2
You block the large abomination's attack.
The spatial vortex hits you but does no damage.
A spatial vortex comes into view.
The spatial maelstrom hits you.
* * * LOW HITPOINT WARNING * * *
You block the spatial maelstrom's attack.
The spatial maelstrom hits you but does no damage.
The spatial maelstrom hits you!
* * * LOW HITPOINT WARNING * * *
Space warps horribly around you!
You die...

#### #.# #.##.#..
v.≈≈≈≈ .. ...
#.#..#..X#.#≈≈.≈≈
.....## #.
X#X##.v..≈≈ .
.### .
..#.#vvX#.v##...
. .. #. . #
#.#v#..#...# #
.#.####.
##.#.#....# . .
..#. . #§#§#...#.
. ....
#§#§§vv.#.... .
.). . #
###v@#.#.# .. . #
.## ###
#§X##v...# # ##
#..#§#.v#.## ##
#.. ......#.. ...
...#.##....#
.##..#... .#..#
##.#... .##..
.##... ...#. #...
.


You could see 2 spatial maelstroms, 5 spatial vortices and a large abomination.

Vanquished Creatures
  Maud (D:10)
  2 hill giants
  Joseph (D:8)
  A centaur skeleton (D:10)
  An efreet (Abyss:2)
  A polar bear (D:7)
  A fire dragon zombie (Abyss:2)
  2 slime creatures (Abyss:2)
  A flying skull (Abyss:1)
  4 yaks (D:9)
  A fire bat (Abyss:2)
  4 hippogriffs
  2 hungry ghosts
  Menkaure (D:7)
  Edmund (D:4)
  A naga (D:8)
  3 wargs (D:10)
  A large abomination (Abyss:2)
  2 water moccasins
  An ice beast (D:9)
  An orc warrior (D:7)
  3 ogres
  3 phantoms
  2 small abominations (Abyss:2)
  A centaur (D:10)
  6 giant frogs
  A scorpion (D:9)
  11 killer bees (D:7)
  6 wights (D:9)
  3 howler monkeys
  A crimson imp (D:7)
  A centaur zombie (D:3)
  A giant frog zombie (D:10)
  5 hounds
  5 jellies
  11 orc priests
  A giant frog skeleton (D:9)
  6 worker ants
  2 iguanas
  10 orc wizards
  Ijyb (D:3)
  A killer bee zombie (D:7)
  A worker ant zombie (D:9)
  10 adders
  3 shadow imps
  3 oozes
  An adder zombie (D:9)
  An adder skeleton (D:4)
  3 worms
  5 dart slugs
  7 giant geckos
  34 orcs
  4 bats
  2 giant cockroaches
  7 goblins
  9 hobgoblins
  7 jackals
  6 kobolds
  6 quokkas
  A ball python (D:4)
  A giant gecko skeleton (D:7)
  6 giant newts
  8 rats
239 creatures vanquished.

Vanquished Creatures (others)
  2 slaves (D:7)
  2 centaurs
  A giant frog (D:7)
  A small abomination (Abyss:2)
  A giant newt (D:7)
  4 tentacles (Abyss:3)
11 creatures vanquished.

Grand Total: 250 creatures vanquished

Notes
Turn   | Place    | Note
--------------------------------------------------------------
     0 | D:1      | protoss039 the Gargoyle Fighter began the quest for the Orb.
     0 | D:1      | Reached XP level 1. HP: 14/14 MP: 1/1
    22 | D:1      | Reached XP level 2. HP: 15/19 MP: 2/2
   320 | D:1      | Reached XP level 3. HP: 24/24 MP: 3/3
   887 | D:2      | Reached skill level 1 in Dodging
  1086 | D:2      | Reached XP level 4. HP: 29/29 MP: 4/4
  1271 | D:2      | Reached skill level 4 in Shields
  1409 | D:3      | Reached XP level 5. HP: 32/33 MP: 5/5
  1719 | D:3      | Noticed Ijyb
  1741 | D:3      | Killed Ijyb
  2384 | D:3      | Reached XP level 6. HP: 19/38 MP: 6/6
  2644 | D:4      | Reached skill level 5 in Shields
  2891 | D:4      | Noticed a phantom
  2928 | D:4      | Killed a phantom
  2928 | D:4      | Reached skill level 5 in Armour
  2928 | D:4      | Reached XP level 7. HP: 40/44 MP: 7/7
  3012 | D:4      | Noticed Edmund
  3031 | D:4      | Killed Edmund
  3136 | D:5      | Entered Level 5 of the Dungeon
  4308 | D:5      | Reached skill level 5 in Maces & Flails
  4309 | D:5      | Found a staircase to the Ecumenical Temple.
  4319 | Temple   | Entered the Ecumenical Temple
  4512 | D:6      | Reached XP level 8. HP: 48/48 MP: 8/8
  4766 | D:6      | Found an ancient bone altar of Kikubaaqudgha.
  4891 | D:6      | Reached skill level 6 in Shields
  5126 | D:6      | Found a shattered altar of Ashenzari.
  5381 | D:7      | Noticed Menkaure
  5395 | D:7      | Killed Menkaure
  5764 | D:7      | Noticed Pikel
  5767 | D:7      | Noticed Pikel
  5767 | D:7      | Pikel changed into Pikel the polar bear
  5776 | D:7      | Killed Pikel the polar bear
  5776 | D:7      | Reached skill level 5 in Fighting
  5854 | D:7      | Reached skill level 7 in Shields
  5983 | D:7      | Reached XP level 9. HP: 51/54 MP: 9/9
  6009 | D:7      | Found a burning altar of Makhleb.
  6094 | D:7      | Found a bloodstained altar of Trog.
  6105 | D:7      | Identified 2 scrolls of acquirement
  6131 | D:7      | Found a sacrificial altar of Ru.
  6149 | D:7      | Found a snail-covered altar of Cheibriados.
  6149 | D:7      | Found a deep blue altar of Sif Muna.
  6149 | D:7      | Found an iron altar of Okawaru.
  6159 | D:7      | Found a basalt altar of Yredelemnul.
  6161 | D:7      | Became a worshipper of Warmaster Okawaru
  6482 | D:7      | Reached skill level 8 in Shields
  6655 | D:7      | Reached * piety under Okawaru
  6819 | D:8      | Identified the Reference Book on Necromancy and Poisoning
  6949 | D:8      | Noticed Erolcha
  6953 | D:8      | Noticed Erolcha
  6953 | D:8      | Erolcha changed into Erolcha the naga
  6958 | D:8      | Killed Erolcha the naga
  7050 | D:8      | Reached skill level 1 in Evocations
  7064 | D:8      | Found Kaitz's Jewellery Emporium.
  7270 | D:8      | Reached skill level 9 in Shields
  7289 | D:8      | Reached XP level 10. HP: 62/63 MP: 10/10
  7301 | D:8      | Reached ** piety under Okawaru
  7528 | D:8      | Noticed Joseph
  7549 | D:8      | Killed Joseph
  7888 | D:9      | Found a blossoming altar of Fedhas.
  8065 | D:9      | Reached *** piety under Okawaru
  8174 | D:9      | Reached skill level 10 in Shields
  8328 | D:9      | Noticed a hill giant
  8382 | D:9      | Killed a hill giant
  8458 | D:9      | Reached **** piety under Okawaru
  8785 | D:10     | Entered Level 10 of the Dungeon
  8807 | D:10     | Reached XP level 11. HP: 55/69 MP: 12/12
  9028 | D:10     | Found a staircase to the Lair.
  9185 | D:10     | Noticed a hill giant
  9228 | D:10     | Killed a hill giant
  9228 | D:10     | Reached ***** piety under Okawaru
  9228 | D:10     | Reached skill level 11 in Shields
  9497 | D:10     | Noticed Maud
  9555 | D:10     | Killed Maud
  9815 | D:10     | Noticed Sonja
  9833 | D:10     | Cast into level 1 of the Abyss (Sonja)
 10081 | Abyss:2  | Noticed a wretched star
 10097 | Abyss:2  | Noticed a thrashing horror
 10171 | Abyss:2  | Noticed a starcursed mass
 10221 | Abyss:2  | Found a corrupted altar of Lugonu.
 10380 | Abyss:2  | Noticed a worldbinder
 10430 | Abyss:3  | Noticed a deep elf elementalist
 10430 | Abyss:3  | Noticed a spatial maelstrom
 10440 | Abyss:3  | Noticed a kraken
 10440 | Abyss:3  | Noticed a spatial maelstrom
 10443 | Abyss:3  | Noticed a starcursed mass
 10456 | Abyss:3  | Mangled by a spatial maelstrom

Skill      XL: |  1  2  3  4  5  6  7  8  9 10 11 |
---------------+----------------------------------+-----
Dodging        | 1 |  1.2
Shields        | 4 5 7 9 10 11 | 11.5
Fighting       | 4 5 7 8 9 |  9.9
Armour         | 4 5 7 8 9 |  9.4
Maces & Flails | 3 4 5 6 7 8 9 |  9.0
Evocations     | 1 |  1.8

Action                   |  1- 3 |  4- 6 |  7- 9 | 10-12 || total
-------------------------+-------+-------+-------+-------++-------
Melee: Flail             |   144 |   232 |   295 |   371 ||  1042
Throw: Javelin           |       |       |       |     3 ||     3
Invok: Heroism           |       |       |       |     1 ||     1
Evoke: Wand              |       |       |     9 |     9 ||    18
  Use: Scroll            |     3 |     8 |    15 |     5 ||    31
       Potion            |       |       |     2 |    13 ||    15
  Eat: Chunk             |     1 |     5 |     9 |     4 ||    19
       Meat ration       |       |     1 |     1 |       ||     2
       Beef jerky        |       |       |     2 |     1 ||     3
       Pizza             |       |       |     1 |     1 ||     2
Armor: Scale mail        |    47 |       |       |       ||    47
       Plate armour      |    49 |   137 |   182 |   177 ||   545
Dodge: Dodged            |    43 |    32 |    61 |    58 ||   194
Block: Shield            |    95 |   176 |   318 |   377 ||   966
       Reflection        |       |       |     9 |     7 ||    16
